 Dungeon Crawl Stone Soup version 0.30.1-3-gfc49f6343a (webtiles) character file.

Game seed: 13660036006612786331

4 GeoRichter the Gusty (level 1, -4/10 HPs)
             Began as a Tengu Air Elementalist on Aug 1, 2023.
             Slain by a gnoll
             ... wielding a +0 club
              (9 damage)
             ... on level 1 of the Dungeon.
             The game lasted 00:00:28 (60 turns).

GeoRichter the Gusty (Tengu Air Elementalist)         Turns: 60, Time: 00:00:28

Health: -4/10      AC:  2    Str:  8    XL:     1   Next: 70%
Magic:  0/4        EV: 12    Int: 15    God:
Gold:   0          SH:  0    Dex: 14    Spells: 3/4 levels left

rFire   . . .        (no weapon)
rCold   . . .        (no shield)
rNeg    . . .        a - +0 robe
rPois   .            (helmet restricted)
rElec   .            (no cloak)
rCorr   .            (no gloves)
SInv    .            (boots unavailable)
Will    .....        (no amulet)
Stlth   ++           (no ring)
HPRegen 0.21/turn    (no ring)
MPRegen 0.09/turn

%: no passive effects
@: no status effects
A: beak, talons 3
a: no special abilities


You were on level 1 of the Dungeon.
You visited 1 branch of the dungeon, and saw 1 of its levels.

Inventory:

Armour
 a - a +0 robe (worn)
Scrolls
 c - a scroll of magic mapping {unknown}


   Skills:
 - Level 2.1 Dodging
 - Level 2.0 Stealth
 + Level 2.1 Spellcasting
 * Level 1.9 Conjurations
 + Level 4.1 Air Magic


You had 3 spell levels left.
You knew the following spells:

 Your Spells              Type           Power      Damage    Failure   Level
a - Shock                 Conj/Air       40%        1d5       6%          1

Your spell library contained the following spells:

 Spells                   Type           Power      Damage    Failure   Level
 Static Discharge         Conj/Air       20%        2-3/arc   10%         2
 Swiftness                Air            14%        N/A       12%         3
 Airstrike                Air            7%         2d(1-17)  36%         4


Dungeon Overview and Level Annotations

Branches:
Dungeon (1/15) Zot: 5939

Altars:


Innate Abilities, Weirdness & Mutations

You have a beak for a mouth.
You have claws for feet.


Message History

Magic courses through your body.
The jackal bites the plant.
The plant begins to die.
The jackal bites the plant.
The plant begins to die.
The jackal barely misses you.
Aiming: Shock (safe; 7% risk of failure)
Press: ? - help, Q - select action Shift-Dir - straight line, p - jackal The zap hits the jackal.
You kill the jackal!
The zap misses the jackal.
The zap hits the plant.
The plant begins to die.
The plant is lightly damaged.
The zap hits the gnoll.
The gnoll is moderately wounded.
The zap hits the plant.
The plant begins to die.
The plant is lightly damaged.
The jackal bites the plant.
The plant begins to die.
The jackal bites the plant.
The jackal closely misses you.
Aiming: Shock (safe; 7% risk of failure)
Press: ? - help, Q - select action Shift-Dir - straight line, f - gnoll
Aim: a gnoll, wielding a +0 club (moderately wounded, 72% to hit)
The zap hits the jackal.
The jackal is almost dead.
The zap hits the gnoll.
The gnoll is severely wounded.
The zap hits the plant.
The plant is lightly damaged.
The zap hits the plant.
The plant is lightly damaged.
The zap hits the plant.
The plant is lightly damaged.
A nearby plant withers and dies. x3; The jackal barely misses you.
Aiming: Shock (safe; 7% risk of failure)
Press: ? - help, Q - select action Shift-Dir - straight line, f/p - gnoll
Aim: a gnoll, wielding a +0 club (severely wounded, 72% to hit)
The zap hits the jackal.
You kill the jackal!
The zap misses the gnoll.
Aiming: Shock (safe; 6% risk of failure)
Press: ? - help, Q - select action Shift-Dir - straight line, f/p - gnoll
Aim: a gnoll, wielding a +0 club (severely wounded, 72% to hit)
The zap hits the gnoll.
The gnoll is almost dead.
The gnoll attacks as you move away! The gnoll hits you with a +0 club.
Ouch! That really hurt!
* * * LOW HITPOINT WARNING * * *
A nearby plant withers and dies. x4
You hit the plant but do no damage.
The plant begins to die.
You claw the plant.
The plant is lightly damaged.
The gnoll hits you with a +0 club!
Ouch! That really hurt!
You die... ################# #PPPPPPPPPPPPPPPP #PPPPPP..<..PPPPP #PPPP).PPPPP..PPP #PPP.PPP...PPP.PP #PPP@PP.PPP.PP.PP #PPgPP.PP.PP.PP.P #PP†..PP.P.PP.P.P #PPhP.P.PPP.P.P.P #PP.P.PP.P.PP.P.P #PP..P.PP.PP.PP #PP..PP.PPP.PP. #PP....P...PPP. #PP.P..PPPPP..P

You could see a gnoll and a jackal.

Vanquished Creatures
  An endoplasm (D:1)
  2 jackals (D:1)
  A kobold (D:1)
4 creatures vanquished.

Notes
Turn   | Place    | Note
-------+----------+-------------------------------------------
     0 | D:1      | GeoRichter the Tengu Air Elementalist began the quest for
                  | the Orb.
     0 | D:1      | Reached XP level 1. HP: 10/10 MP: 4/4
    60 | D:1      | Slain by a gnoll

Illustrated notes

Levels and vault maps discovered:
D:1:      roderic_crop_circles_arrival_small, layout_rooms

Action                     || total
---------------------------++-------
  Melee: Unarmed           ||     1
         Kick              ||     1
   Cast: Shock             ||    11
    Use: Potion            ||     1
  Dodge: Dodged            ||     3
